Map: Triton LE

Players

Dear - Winner!

  • Race: Protoss Protoss
  • League: Master
  • Spawn Location: 5:00

TSGTYTY (TY)

  • Race: Terran Terran
  • League: Grandmaster
  • Spawn Location: 11:00

VOD

Have the link to the VOD?

Description

Time

  • Played on: Jan. 6, 2020, 9:39 p.m.
  • Length: 11:21
Show
View Real Time Build Order
Export as new Build Order

Dear Protoss - Winner!

Build Orders: 1 Gate Expand, Phoenix Opening, Blink Stalkers 

Get SALT Encoding   

  12  0:00  Probe  
  13  0:12  Probe  
  14  0:17  Pylon  
  14  0:25  Probe (Chrono Boost)  
  15  0:37  Probe (Chrono Boost)  
  15  0:39  Gateway  
  16  0:45  Probe (Chrono Boost)  
  16  0:47  Assimilator  
  17  0:51  Probe  
  18  1:03  Probe  
  19  1:15  Probe  
  20  1:22  Nexus  
  20  1:31  Cybernetics Core  
  20  1:34  Probe  
  20  1:39  Assimilator  
  21  1:46  Pylon  
  21  1:48  Probe  
  22  2:00  Probe  
  23  2:04  Adept (Chrono Boost)  
  25  2:09  Warp Gate  
  25  2:12  Probe  
  26  2:25  Probe (Chrono Boost), Twilight Council, Stalker (Chrono Boost)  
  29  2:34  Probe (Chrono Boost)  
  31  2:42  Probe (Chrono Boost)  
  31  2:44  Probe (Chrono Boost)  
  32  2:47  Sentry  
  32  2:48  Probe (Chrono Boost)  
  32  2:49  Probe (Chrono Boost)  
  36  3:00  Probe x2  
  36  3:01  Blink (Chrono Boost)  
  36  3:03  Gateway  
  38  3:12  Probe  
  39  3:13  Probe  
  40  3:24  Probe  
  40  3:25  Probe  
  42  3:30  Robotics Facility  
  42  3:32  Pylon  
  42  3:36  Probe  
  42  3:37  Probe  
  42  3:41  Phoenix, Nexus  
  44  3:49  Probe x2  
  46  3:56  Pylon  
  46  3:58  Stalker x2  
  46  4:01  Probe  
  46  4:02  Probe  
  52  4:06  Assimilator  
  52  4:08  Assimilator  
  52  4:09  Pylon  
  52  4:13  Probe  
  52  4:14  Probe  
  54  4:19  Observer  
  54  4:21  Stalker x2  
  59  4:26  Probe x2  
  61  4:32  Forge  
  61  4:38  Probe x2  
  63  4:39  Pylon  
  63  4:40  Observer  
  64  4:47  Stalker x2  
  64  4:50  Probe (Chrono Boost)  
  70  4:53  Probe x2 (Chrono Boost)  
  71  5:01  Charge  
  71  5:02  Probe (Chrono Boost)  
  71  5:03  Observer  
  71  5:04  Probe (Chrono Boost)  
  71  5:05  Protoss Ground Weapons Level 1  
  71  5:06  Probe (Chrono Boost)  
  75  5:07  Probe (Chrono Boost)  
  75  5:09  Probe (Chrono Boost)  
  77  5:14  Probe  
  77  5:15  Gateway  
  77  5:17  Probe  
  77  5:18  Gateway  
  77  5:20  Probe  
  80  5:22  Gateway  
  80  5:23  Sentry  
  80  5:25  Immortal (Chrono Boost)  
  86  5:32  Gateway  
  86  5:41  Stalker  
  88  5:45  Shield Battery  
  85  5:55  Stalker  
  82  5:58  Probe x3  
  82  6:00  Immortal  
  77  6:13  Probe x2  
  77  6:15  Stalker x3  
  72  6:19  Probe (Chrono Boost)  
  72  6:25  Probe x2 (Chrono Boost)  
  75  6:31  Probe (Chrono Boost)  
  76  6:36  Probe x2 (Chrono Boost)  
  76  6:39  Probe (Chrono Boost)  
  79  6:41  Probe x2 (Chrono Boost), Warp Prism  
  79  6:45  Probe  
  84  6:47  Sentry x3  
  84  6:51  Probe  
  84  6:53  Probe  
  92  6:55  Pylon  
  92  7:06  Probe  
  93  7:11  Probe  
  92  7:16  Stalker x4  
  99  7:23  Zealot  
  99  7:29  Pylon  
  101  7:30  Pylon  
  101  7:40  Protoss Ground Armor Level 1 (Chrono Boost)  
  101  7:47  Probe x3  
  101  7:49  Zealot x3  
  101  7:50  Zealot x3  
  116  7:54  Pylon  
  116  7:59  Probe  
  116  8:03  Pylon  
  117  8:06  Robotics Bay  
  117  8:11  Probe x2  
  117  8:16  Observer  
  107  8:24  Zealot  
  107  8:25  Zealot x5  
  107  8:27  Probe x2  
  117  8:30  Probe  
  118  8:36  Pylon  
  118  8:39  Probe  
  119  8:45  Probe x2  
  121  8:52  Colossus (Chrono Boost)  
  121  8:53  Extended Thermal Lance (Chrono Boost)  
  121  8:54  Zealot x6  
  135  8:59  Pylon  
  117  9:26  Zealot x4  
  117  9:27  Zealot x2  
  91  9:32  Colossus (Chrono Boost)  
  91  9:35  Observer  
  95  9:39  Gateway x2  
  95  9:45  Assimilator x2  
  95  9:47  Sentry x5  
  95  9:48  Stalker  
  107  10:08  Colossus (Chrono Boost)  
  107  10:13  Zealot x6  
  98  10:36  Zealot x8  
  90  10:57  Sentry, Zealot x5  
  90  10:58  Sentry x2  
Show
View Real Time Build Order
Export as new Build Order

TSGTYTY Terran 

Build Orders: Reaper Expand 

Get SALT Encoding   

  12  0:00  SCV  
  13  0:12  SCV  
  14  0:16  Supply Depot  
  14  0:24  SCV  
  15  0:38  SCV  
  15  0:39  Barracks  
  16  0:44  Refinery  
  16  0:50  SCV  
  17  1:02  SCV  
  18  1:14  SCV  
  19  1:27  Orbital Command, Reaper  
  20  1:39  Command Center  
  20  1:50  Supply Depot  
  20  1:53  SCV  
  21  1:59  Marine  
  22  2:04  Factory  
  22  2:07  SCV  
  23  2:12  Refinery  
  23  2:19  SCV  
  23  2:21  Barracks Reactor  
  24  2:31  SCV  
  24  2:35  Barracks  
  25  2:43  SCV  
  26  2:50  Factory Tech Lab  
  26  2:55  SCV  
  26  2:56  Marine  
  28  3:03  Orbital Command  
  28  3:07  SCV  
  28  3:08  Cyclone  
  28  3:10  Marine  
  28  3:11  Supply Depot  
  33  3:14  Marine  
  34  3:22  Marine  
  34  3:23  SCV  
  35  3:30  Marine, SCV  
  35  3:34  Marine  
  38  3:35  SCV  
  40  3:42  SCV, Supply Depot  
  40  3:47  SCV, Marine  
  42  3:49  Marine, Stimpack  
  42  3:51  Marine  
  44  3:56  SCV, Starport, Factory Reactor  
  44  3:59  SCV  
  45  4:05  Supply Depot  
  45  4:06  Marine  
  45  4:08  SCV  
  47  4:12  SCV, Marine  
  50  4:20  SCV  
  50  4:23  Supply Depot  
  50  4:24  Marine  
  51  4:25  Marauder  
  51  4:26  SCV  
  51  4:29  Marine  
  55  4:32  SCV, Medivac  
  55  4:33  Widow Mine x2  
  55  4:38  SCV  
  63  4:41  Supply Depot  
  63  4:43  Marine  
  64  4:46  Marauder  
  64  4:47  SCV  
  66  4:53  Marine, Supply Depot  
  66  4:55  Widow Mine x2  
  66  4:56  SCV  
  72  5:02  Medivac  
  72  5:05  Marine  
  75  5:07  SCV  
  75  5:10  Marauder  
  75  5:11  Marine  
  80  5:17  Widow Mine x2  
  84  5:22  Marine  
  84  5:31  SCV  
  84  5:32  SCV, Medivac  
  88  5:40  Command Center  
  87  5:43  Marine x2  
  87  5:44  SCV  
  87  5:45  Widow Mine  
  92  5:53  Marine  
  93  6:01  Marine, Barracks  
  93  6:02  Medivac, Barracks  
  90  6:05  Marine  
  90  6:06  SCV x2  
  90  6:07  Widow Mine x2  
  90  6:11  Marauder  
  90  6:18  SCV x2  
  89  6:19  Marine  
  89  6:25  Refinery  
  82  6:26  Refinery, Engineering Bay  
  82  6:27  Engineering Bay  
  82  6:28  Bunker  
  82  6:30  SCV x2, Concussive Shells  
  84  6:34  Marine  
  84  6:36  Medivac  
  84  6:37  Widow Mine x2  
  84  6:39  Marine x2  
  89  6:42  SCV x2  
  91  6:53  Barracks Reactor, Barracks Tech Lab  
  90  6:54  Marine  
  90  6:55  Barracks  
  90  6:57  Marine, SCV x2  
  90  6:58  Marauder  
  96  7:09  Terran Infantry Weapons Level 1  
  96  7:10  SCV x2  
  96  7:12  Marine  
  96  7:15  Marine  
  100  7:17  Terran Infantry Armor Level 1  
  100  7:18  Marine x2  
  100  7:22  SCV x2  
  104  7:25  Combat Shield  
  102  7:30  Marine  
  102  7:32  Marine  
  102  7:33  Marine  
  102  7:34  Marine  
  102  7:35  Missile Turret  
  102  7:36  Marine, Viking  
  108  7:39  SCV  
  108  7:43  Orbital Command  
  109  7:47  Barracks Tech Lab  
  109  7:54  Supply Depot  
  109  7:55  Supply Depot  
  109  7:57  Missile Turret, Supply Depot  
  109  8:00  Supply Depot  
  109  8:01  Supply Depot  
  109  8:02  Armory  
  109  8:06  Marine x2  
  109  8:09  Marine  
  109  8:11  Marine x3  
  108  8:14  Marauder  
  108  8:17  Viking  
  103  8:24  Marine x2  
  100  8:28  Marauder  
  100  8:30  Marine x2  
  100  8:32  Marauder  
  96  8:35  Ghost Academy  
  96  8:36  Marauder  
  98  8:42  Marine x2, SCV x2  
  102  8:54  Marine x2  
  102  8:55  Marauder x2  
  104  8:56  Medivac  
  104  8:57  Marine  
  104  8:58  Medivac  
  104  9:00  Marine  
  108  9:14  Orbital Command  
  109  9:21  Marine x2  
  87  9:42  Marine  
  87  9:43  Unknown  
  88  9:46  Marine  
  88  9:47  Marine  
  88  9:49  Marine, Unknown  
  88  9:52  Marauder  
  93  9:53  Marauder  
  93  9:59  Marauder  
  95  10:02  Marine  
  95  10:04  Marine  
  97  10:08  Marine x2  
  97  10:12  Viking  
  100  10:15  Viking  
  102  10:28  Marine, Marauder x2  
  99  10:35  SCV x2  
  96  10:36  Marine x2  
  96  10:39  Marauder  
  96  10:42  Viking  
  102  10:43  Marine  
  102  10:45  Marine  
  83  10:51  Marine  
  78  10:58  Marine  
  78  11:00  Marine  
Tags
 
Add a new tag
Caveats
  • Supply blocks, unpowered buildings, or Contaminate may cause inaccurate times.
  • Supply counts are checked every 10 seconds.